 Dungeon Crawl Stone Soup version bcrawl-1.21.3-16-g7f46a08de7 (webtiles) character file.

Game seed: 14318306549899608710

714 Chiseanne the Ducker (level 7, -1/35 HPs)
             Began as a Spriggan Fighter on May 4, 2020.
             Slain by a bullfrog (10 damage)
             ... on level 7 of the Dungeon.
             The game lasted 00:13:59 (3329 turns).

Chiseanne the Ducker (Spriggan Fighter)             Turns: 3329, Time: 00:14:00

Health: -1/35      AC:  3    Str: 12    XL:     7   Next: 41%
Magic:  11/11      EV: 23    Int: 12    God:
Gold:   231        SH: 10    Dex: 20    Spells: 8/10 levels left

rFire    . . .     SeeInvis +   a - +0 rapier
rCold    . . .     Gourm    .   c - +1 buckler
rNeg     . . .     Faith    .   b - +0 robe
rPois    .         Spirit   .   r - +1 hat {MR+}
rElec    .         Reflect  +   (no cloak)
rCorr    +         Harm     .   (gloves unavailable)
MR       ++...                  (boots unavailable)
Stlth    +++.......             l - +2 amulet of reflection
HPRegen  0.11/turn              p - +5 ring of dexterity
MPRegen  0.12/turn              w - ring of resist corrosion

@: very quick
A: very small, unfitting armour, see invisible, herbivore, speed 3, slow
metabolism 2
a: no special abilities


You were on level 7 of the Dungeon.
You were not hungry.

You visited 1 branch of the dungeon, and saw 7 of its levels.

You collected 231 gold pieces.

Inventory:

Hand Weapons
 a - a +0 rapier (weapon)
 s - a +2 long sword of holy wrath
Missiles
 g - 508 bolts
 k - 780 stones (quivered)
 u - 39 curare-tipped needles
 C - 91 poisoned needles
Armour
 b - a +0 robe (worn)
 c - a +1 buckler (worn)
 r - a +1 hat of magic resistance (worn)
Jewellery
 l - a +2 amulet of reflection (around neck)
 p - a +5 ring of dexterity (left hand)
 w - a ring of resist corrosion (right hand)
Wands
 n - a wand of flame (30)
Scrolls
 h - 5 scrolls of remove curse
 t - 2 scrolls of amnesia
 v - 3 scrolls of fog
Potions
 d - 3 potions of might
 f - a potion of degeneration {unknown}
 i - 4 potions of cancellation
 j - a potion of lignification {unknown}
 m - a potion of invisibility {unknown}
 o - 2 potions of flight {unknown}
 q - a potion of brilliance {unknown}
 y - a potion of haste {unknown}
 z - a potion of mutation {unknown}
 A - a potion of ambrosia
 B - a potion of berserk rage {unknown}
 D - 2 potions of curing {unknown}
Comestibles
 e - 8 rations {!d}


   Skills:
 - Level 2.4 Fighting
 * Level 6.0 Short Blades
 - Level 7.2 Dodging
 * Level 3.0 Stealth
 * Level 4.1 Shields
 * Level 2.2 Spellcasting


You had 8 spell levels left.
You knew the following spells:

 Your Spells              Type           Power        Failure   Level  Hunger
a - Passwall              Tmut/Erth      #.......     45%         2    ###....

Your spell library contained the following spells:

 Spells                   Type           Power        Failure   Level  Hunger
 Flame Tongue             Conj/Fire      #....        32%         1    ##.....
 Sandblast                Erth           #.....       32%         1    ##.....
 Flaming Arrows           Chrm/Fire      #.......     45%         2    ###....
 Conjure Flame            Conj/Fire      #.......     69%         3    ####...
 Inner Flame              Hex/Fire       N/A          69%         3    ####...
 Stone Arrow              Conj/Erth      #.....       69%         3    ####...
 Petrify                  Tmut/Erth      #.......     97%         4    #####..
 Sticky Flame             Conj/Fire      #.......     97%         4    #####..
 Fireball                 Conj/Fire      #.........   100%        5    ######.
 Lee's Rapid Deconstruct  Erth           #.........   100%        5    ######.


Dungeon Overview and Level Annotations

Branches:
Dungeon (7/12)
 Temple: D:4-7         Lair: D:7-9

Altars:
Fedhas
Uskayaw
Xom


Innate Abilities, Weirdness & Mutations

You are very small and have problems with some larger weapons.
You are too small for most types of armour.
You have supernaturally acute eyesight. (SInv)
You are a herbivore.
You cover ground extremely quickly.
You need to consume almost no food.


Message History

Aim: a bullfrog (chance to defeat MR: 65%)
The bullfrog is blasted!
The iguana hisses menacingly.
Evoke which item? (* to show all) (? for menu, Esc to quit)
Aiming: Disintegrate
Press: ? - help, Shift-Dir - straight line, f/p - bullfrog
Aim: a bullfrog (heavily wounded, chance to defeat MR: 65%)
The bullfrog struggles to resist.
The now-empty wand crumbles to dust.
The bullfrog hits you!
* * * LOW HITPOINT WARNING * * *
You block the bullfrog's attack.
Evoke which item? (* to show all) (? for menu, Esc to quit)
Okay, then.
You see here 21 gold pieces.
You now have 231 gold pieces (gained 21).
The bullfrog barely misses you. You block the bullfrog's attack.
Found a coppery potion.
The bullfrog hits you!
You die...

##....l...l.Y..|Y.h
#.....############.
#.....# #. #..l..#
#.. ##.#### #.. #.#
#.. ##.##### #..
#.###..F..!# #..
#.....@....#
#####......#
#......# ########


You could see a bullfrog and an iguana.

Vanquished Creatures
  2 phantoms (D:6)
  2 centaurs
  A crimson imp (D:6)
  A hound (D:5)
  An orc priest (D:6)
  A centaur skeleton (D:6)
  An iguana (D:5)
  A worker ant (D:5)
  4 orc wizards
  A mummy (D:6)
  4 adders
  2 oozes
  An adder skeleton (D:6)
  5 leopard geckos
  6 orcs
  6 bats (D:1)
  2 giant cockroaches (D:3)
  A goblin (D:1)
  4 hobgoblins
  A quokka (D:5)
  3 frilled lizards
  A goblin zombie (D:6)
  A kobold (D:2)
  A kobold zombie (D:6)
  2 rats (D:1)
55 creatures vanquished.

Notes
Turn   | Place    | Note
-------+----------+-------------------------------------------
     0 | D:1      | Chiseanne the Spriggan Fighter began the quest for the Orb.
     0 | D:1      | Reached XP level 1. HP: 11/11 MP: 2/2
   196 | D:1      | Reached XP level 2. HP: 16/16 MP: 3/3
   492 | D:2      | Reached skill level 5 in Dodging
   508 | D:2      | Found a blossoming altar of Fedhas.
   537 | D:2      | Found a shimmering altar of Xom.
   629 | D:3      | Reached XP level 3. HP: 19/19 MP: 4/4
  1242 | D:5      | Entered Level 5 of the Dungeon
  1261 | D:5      | Reached XP level 4. HP: 23/23 MP: 5/5
  1343 | D:4      | Noticed a centaur
  1359 | D:4      | Noticed an ice beast
  1360 | D:4      | Killed a centaur
  1360 | D:4      | Reached skill level 6 in Dodging
  1360 | D:4      | Reached XP level 5. HP: 15/27 MP: 6/6
  1608 | D:5      | Noticed a centaur
  1626 | D:5      | Killed a centaur
  1626 | D:5      | Reached XP level 6. HP: 15/32 MP: 7/7
  1890 | D:5      | Found a hide-covered altar of Uskayaw.
  2213 | D:5      | Reached skill level 5 in Short Blades
  2324 | D:6      | Found a sand-covered staircase.
  2350 | D:6      | Reached skill level 7 in Dodging
  2464 | D:6      | Learned a level 2 spell: Passwall
  2534 | D:6      | Noticed an ice beast
  2534 | D:6      | Noticed an ice beast
  2727 | D:6      | Reached skill level 1 in Stealth
  2727 | D:6      | Reached skill level 1 in Spellcasting
  2727 | D:6      | Reached XP level 7. HP: 28/35 MP: 7/9
  3329 | D:7      | Slain by a bullfrog

Skill      XL: |  1  2  3  4  5  6  7 |
---------------+----------------------+-----
Short Blades   | 3 4 5 6 |  6.0
Dodging        | 5 6 7 |  7.2
Shields        | 3 4 |  4.1
Stealth        | 1 3 |  3.0
Spellcasting   | 1 2 |  2.2
Fighting       | |  2.4

Action                   |  1- 3 |  4- 6 |  7- 9 || total
-------------------------+-------+-------+-------++-------
Melee: Rapier            |   140 |    77 |    22 ||   239
       Long sword        |       |    13 |     5 ||    18
Throw: Stone             |     1 |       |       ||     1
Evoke: Wand              |       |    10 |     7 ||    17
  Use: Scroll            |     5 |     5 |       ||    10
 Stab: Sleeping          |     1 |     1 |       ||     2
       Distracted        |       |     1 |       ||     1
Armor: Robe              |    11 |     5 |     1 ||    17
Dodge: Dodged            |   115 |    44 |    27 ||   186
Block: Buckler           |    47 |    44 |    25 ||   116
       Reflection        |       |     2 |       ||     2
